 Dungeon Crawl Stone Soup version 0.29.1-1-gd02db6906a (webtiles) character file.

Game seed: 15840610168147720427

23 Gabide the Trooper (level 2, 0/24 HPs)
             Began as a Mummy Monk on Sept 16, 2022.
             Slain by a worm (8 damage)
             ... on level 1 of the Dungeon.
             The game lasted 00:01:11 (1458 turns).

Gabide the Trooper (Mummy Monk)                     Turns: 1458, Time: 00:01:12

Health: 0/24       AC:  2    Str: 14    XL:     2   Next: 75%
Magic:  2/2        EV: 12    Int:  9    God:
Gold:   25         SH:  0    Dex: 14    Spells: 1/1 levels left

rFire   x . .      SeeInvis .   a - +0 mace
rCold   + . .      Faith    .   (no shield)
rNeg    + + +      Spirit   .   b - +0 robe
rPois   ∞          Reflect  .   (no helmet)
rElec   .          Harm     .   (no cloak)
rCorr   .          Rampage  .   (no gloves)
Will    .....                   (no boots)
Stlth   ++........              (no amulet)
HPRegen 0.08/turn               (no ring)
MPRegen 0.08/turn               (no ring)

@: no status effects
A: cold resistance 1, negative energy resistance 3, torment resistance 2, heat
vulnerability 1, no potions
a: no special abilities


You were on level 1 of the Dungeon.
You visited 1 branch of the dungeon, and saw 2 of its levels.

You collected 25 gold pieces.

Inventory:

Hand Weapons
 a - a +0 mace (weapon)
Missiles
 e - 6 boomerangs (quivered)
Armour
 b - a +0 robe (worn)
Scrolls
 c - 2 scrolls of identify {unknown}
 d - 2 scrolls of teleportation {unknown}
 f - a scroll of poison {unknown}


   Skills:
 + Level 3.3 Fighting
 + Level 2.7 Maces & Flails
 + Level 2.7 Dodging
 - Level 1.5 Stealth


You had one spell level left.
You didn't know any spells.
Your spell library contained the following spells:

 Spells                   Type           Power      Damage    Failure   Level
 Shock                    Conj/Air       0%         1d3       38%         1
 Swiftness                Air            0%         N/A       77%         3
 Airstrike                Air            0%         2d(0-16)  99%         4


Dungeon Overview and Level Annotations

Branches:
Dungeon (2/15)

Altars:


Innate Abilities, Weirdness & Mutations

You are immune to poison.
Your flesh is cold resistant. (rC+)
You are immune to negative energy. (rN+++)
You are immune to unholy pain and torment.
You are vulnerable to heat. (rF-)
You do not drink.


Message History

Done exploring.
Done exploring.
You see here 7 stones.
You see here a cyan potion.
There is a stone staircase leading down here.
You climb downwards.
Found a scroll labelled UCWOGR MIGIO and 7 gold pieces.
There is a stone staircase leading up here.
d - 2 scrolls labelled UCWOGR MIGIO (gained 1)
Found a stone staircase leading up.
A worm comes into view.
Found a ring mail.
You see here 7 gold pieces.
You barely miss the worm. The worm bites you!
You barely miss the worm. You hit the worm but do no damage.
The worm closely misses you.
You hit the worm.
The worm is lightly wounded.
The worm bites you.
* * * LOW HITPOINT WARNING * * *
You are too injured to fight recklessly!
You are too injured to fight recklessly!
You are too injured to fight recklessly!
You are too injured to fight recklessly!
You are too injured to fight recklessly!
You are too injured to fight recklessly!
A worm is nearby!
You see here 7 gold pieces.
There is a stone staircase leading up here.
You climb upwards.
There is a stone staircase leading down here.
You start resting.
HP restored.
You climb downwards.
The worm bites you!
There is a stone staircase leading up here.
You barely miss the worm. The worm bites you.
You climb upwards.
There is a stone staircase leading down here.
The worm bites you!
You die...

.## #.#
#.........# # .#
#.# #.#.#####.# #
.# #.# ##.#!# #.#
# .# #.# ##.#..#
#.##### .# ##.#
##.###.## #......
.# ##..# #.#####.#
#######
.########.#.##
#.......#
.#.......###)#
#.#####.#
.#.######)#.####@#
#.# .#.#
##.....w># #.#
...# #.#####.# #.#
.###
#.......#####.# .#
#######.......# .#
######### .# ##


You could see a worm.

Vanquished Creatures
  3 bats (D:1)
  5 endoplasms (D:1)
  A giant cockroach (D:1)
  2 hobgoblins (D:1)
  3 quokkas (D:1)
  2 ball pythons (D:1)
  2 frilled lizards (D:1)
  2 kobolds (D:1)
20 creatures vanquished.

Notes
Turn   | Place    | Note
-------+----------+-------------------------------------------
     0 | D:1      | Gabide the Mummy Monk began the quest for the Orb.
     0 | D:1      | Reached XP level 1. HP: 18/18 MP: 1/1
   399 | D:1      | Reached XP level 2. HP: 13/24 MP: 2/2
  1042 | D:1      | Found a faded altar of an unknown god.
  1458 | D:1      | Slain by a worm

Illustrated notes

Levels and vault maps discovered:
D:1:      saegor_arrival_simple_e, layout_loops_ring,
          dreamdust_ecumenical_altar_statues
D:2:      layout_basic

Action                   || total
-------------------------++-------
Melee: Mace              ||    72
 Stab: Sleeping          ||     5
Armor: Robe              ||    13
Dodge: Dodged            ||    52
